 Dungeon Sprint DCSS version 0.18-a0-1147-g8e8348b (webtiles) character file.

299 Kidiri the Covert (level 6, -2/28 HPs)
             Began as a Spriggan Enchanter on Jan 22, 2016.
             Slain by a spatial vortex (6 damage)
             ... in the Dungeon (Sprint III: "The Ten Rune Challenge").
             The game lasted 00:04:13 (620 turns).

Kidiri the Covert (Spriggan Enchanter)               Turns: 620, Time: 00:04:14

Health: -2/28      AC:  2    Str:  4    XL:     6   Next: 13%
Magic:  15/15      EV: 25    Int: 20    God:
Gold:   26         SH:  0    Dex: 19    Spells: 5 memorised, 7 levels left

rFire  . . .     SeeInvis +     a - +1 dagger
rCold  . . .     Gourm    .     b - +1 robe
rNeg   . . .     Faith    .     (shield restricted)
rPois  +         Spirit   .     (helmet restricted)
rElec  .         Dismiss  .     (no cloak)
rCorr  .         Reflect  .     (gloves unavailable)
SustAt .         Harm     .     (boots unavailable)
MR     +....     NoTele   +     (no amulet)
Stlth  ++++++....               (no ring)
                                (no ring)

@: very quick, somewhat resistant to hostile enchantments, very stealthy
A: unfitting armour, antennae 1, thin skeletal structure 1, see invisible,
clever 1, deformed body, herbivore 3, speed 3, low mp 1, poison resistance, slow
metabolism 2, sturdy frame 1
a: no special abilities


You were in the Dungeon.
You were not hungry.

You visited 1 branch You collected 26 gold pieces.

Inventory:

Hand Weapons
 a - a +1 dagger (weapon)
Armour
 b - a +1 robe (worn)
Wands
 k - a wand of digging (12/24)
Scrolls
 j - a scroll of blinking
 l - a scroll of fear {unknown}
 m - 2 scrolls of holy word {unknown}
 n - a scroll of identify {unknown}
 o - a scroll of magic mapping {unknown}
 q - 3 scrolls of remove curse
Potions
 e - 3 potions of curing
 g - a potion of haste
 h - 2 potions of magic
 p - 2 potions of cure mutation
 s - a potion of invisibility {unknown}
 t - a potion of flight {unknown}
Books
 c - a book of Maledictions

   Spells                             Type                      Level
   a - Corona                         Hexes                        1
   b - Ensorcelled Hibernation        Hexes/Ice                    2
   c - Confuse                        Hexes                        3
   d - Tukima's Dance                 Hexes                        3
   e - Dazzling Spray                 Conjuration/Hexes            3
Comestibles
 d - 2 bread rations
 r - 2 royal jellies


   Skills:
 * Level 6.1 Short Blades
 * Level 8.5 Dodging
 * Level 9.9 Stealth
 * Level 7.3 Spellcasting
 + Level 2.2 Conjurations
 + Level 5.9 Hexes
 + Level 2.5 Ice Magic


You had 7 spell levels left.
You knew the following spells:

 Your Spells              Type           Power        Failure   Level  Hunger
a - Corona                Hex            ####...      1%          1    None
b - Ensorcelled Hibernat  Hex/Ice        ###...       2%          2    None
c - Confuse               Hex            ####....     2%          3    #......
d - Tukima's Dance        Hex            ####....     2%          3    #......
e - Dazzling Spray        Conj/Hex       ###.....     8%          3    #......


Dungeon Overview and Level Annotations

Branches:
Dungeon (1/1)

Altars:
Dithmenos
Gozag
Makhleb
Nemelex Xobeh
Pakellas
Qazlal
Ru
Xom
Jiyva
Lugonu


Innate Abilities, Weirdness & Mutations

You are tiny and cannot use many weapons and most armour.
You have supernaturally acute eyesight.
You are a herbivore.
You cover ground extremely quickly.
You need consume almost no food.
You have a pair of small antennae on your head.
You have a somewhat thin skeletal structure (Dex +2, Stealth).
Your mind is acute. (Int +2)
Armour fits poorly on your strangely shaped body.
Your magical capacity is low (-10% MP).
Your system is resistant to poisons.
Your movements are slightly less encumbered by armour (ER -2).


Message History

The helpless jelly fails to defend itself.
You perforate the jelly like a sieve!!!
You kill the jelly!
Your Short Blades skill increases to level 6!
Unknown command.
r - 2 royal jellies (gained 1)
You start resting.
Magic restored.
You already know all available spells.
Unknown command.
You open the door.
Found an oddly glowing altar of Pakellas and a stormy altar of Qazlal.
A spatial vortex comes into view.
Found a phial of floods.
Found eight altars.
There is an open door here.
The spatial vortex hits you!!
Ouch! That really hurt!
* * * LOW HITPOINT WARNING * * *
Space bends around you.
You die...

...♣.♣ ♣..#{ ...≈.♣
♣♣.###+#+###+## ..≈≈.♣
♣.#..........#
.≈≈≈≈♣♣♣♣.'.⌠........#
.≈≈≈≈≈≈♣..#...######'#
≈≈≈≈≈≈....#.⌠.#__#...#
≈≈≈≈≈.....#...#__#...#
≈≈≈.......#+###__#...#
..........# #v@#...+
..........# #__'...#
▓▓▓▓▓▓▓▓▓▓▓ ▓▓▓▓▓▓▓▓


You could see a spatial vortex.

Vanquished Creatures
  A shadow (D)
  A water elemental (D)
  A jelly (D)
  Jessica (D)
  A human (D)
  A phantom (D)
  3 rats (D)
9 creatures vanquished.

Vanquished Creatures (others)
  2 draconian scorchers (D)
  A yaktaur (D)
3 creatures vanquished.

Grand Total: 12 creatures vanquished

Notes
Turn   | Place    | Note
--------------------------------------------------------------
     0 | D        | Kidiri the Spriggan Enchanter began the quest for the Orb.
     0 | D        | Reached XP level 1. HP: 9/9 MP: 5/5
    22 | D        | Noticed Jessica
    55 | D        | Killed Jessica
    55 | D        | Reached skill level 6 in Stealth
    55 | D        | Reached XP level 2. HP: 7/13 MP: 1/8
    61 | D        | Learned a level 2 spell: Ensorcelled Hibernation
   213 | D        | Killed a white draconian scorcher
   229 | D        | Reached skill level 5 in Dodging
   229 | D        | Reached XP level 3. HP: 16/16 MP: 7/10
   236 | D        | Learned a level 3 spell: Confuse
   240 | D        | Learned a level 3 spell: Dazzling Spray
   308 | D        | Killed a white draconian scorcher
   318 | D        | Gained mutation: You have a somewhat thin skeletal structure (Dex +2, Stealth). [potion of mutation]
   318 | D        | Gained mutation: Your magical capacity is low (-10% MP). [potion of mutation]
   318 | D        | Gained mutation: You have a pair of small antennae on your head. [potion of mutation]
   319 | D        | Gained mutation: Your system is resistant to poisons. [potion of mutation]
   319 | D        | Gained mutation: Your mind is acute. (Int +2) [potion of mutation]
   320 | D        | Gained mutation: Armour fits poorly on your strangely shaped body. [potion of mutation]
   320 | D        | Gained mutation: Your movements are slightly less encumbered by armour (ER -2). [potion of mutation]
   357 | D        | Noticed a water elemental
   375 | D        | Killed a water elemental
   375 | D        | Reached skill level 7 in Stealth
   375 | D        | Reached skill level 5 in Spellcasting
   375 | D        | Reached skill level 1 in Conjurations
   375 | D        | Reached skill level 1 in Ice Magic
   375 | D        | Reached XP level 4. HP: 9/21 MP: 4/11
   378 | D        | Killed a yaktaur
   572 | D        | Learned a level 3 spell: Tukima's Dance
   591 | D        | Noticed a shadow
   593 | D        | Killed a shadow
   593 | D        | Reached skill level 5 in Short Blades
   593 | D        | Reached skill level 8 in Dodging
   593 | D        | Reached skill level 9 in Stealth
   593 | D        | Reached skill level 5 in Hexes
   593 | D        | Reached XP level 5. HP: 24/24 MP: 12/14
   593 | D        | Reached XP level 6. HP: 28/28 MP: 12/15
   618 | D        | Found an oddly glowing altar of Pakellas.
   618 | D        | Found a stormy altar of Qazlal.
   619 | D        | Noticed a spatial vortex
   619 | D        | Found a sacrificial altar of Ru.
   619 | D        | Found a burning altar of Makhleb.
   619 | D        | Found a viscous altar of Jiyva.
   619 | D        | Found a shimmering altar of Xom.
   619 | D        | Found a shadowy altar of Dithmenos.
   619 | D        | Found a sparkling altar of Nemelex Xobeh.
   619 | D        | Found a corrupted altar of Lugonu.
   619 | D        | Found an opulent altar of Gozag.
   620 | D        | Slain by a spatial vortex

Vault maps used:
D:        dungeon_sprint_mu

Action                   |  1- 3 |  4- 6 || total
-------------------------+-------+-------++-------
Melee: Dagger            |    50 |     2 ||    52
 Cast: Corona            |     7 |       ||     7
       Ensorcelled Hiber |     1 |       ||     1
       Confuse           |     2 |       ||     2
       Dazzling Spray    |     1 |       ||     1
  Use: Potion            |     5 |       ||     5
 Stab: Sleeping          |     3 |     2 ||     5
